 Dungeon Crawl Stone Soup version 0.26-a0-606-g3c8f2f6 (webtiles) character file.

Game seed: 3672102206986137866

371 DasBelly the Firebug (level 6, -3/32 HPs)
             Began as a Deep Elf Fire Elementalist on Aug 31, 2020.
             Killed by divine providence
             ... invoked by an orc priest
              (11 damage)
             ... on level 3 of the Dungeon.
             The game lasted 00:05:33 (2017 turns).

DasBelly the Firebug (Deep Elf Fire Elementalist)   Turns: 2017, Time: 00:05:33

Health: -3/32      AC:  2    Str:  5    XL:     6   Next: 42%
Magic:  4/12       EV: 13    Int: 22    God:
Gold:   87         SH:  0    Dex: 15    Spells: 3/11 levels left

rFire    + + .     SeeInvis .   d - +1 short sword (speed)
rCold    . . .     Faith    .   (no shield)
rNeg     . . .     Spirit   .   a - +0 robe
rPois    .         Reflect  .   (no helmet)
rElec    .         Harm     .   (no cloak)
rCorr    .                      (no gloves)
MR       .....                  (no boots)
Stlth    ++........             j - amulet of regeneration
HPRegen  0.50/turn              h - ring of protection from fire
MPRegen  0.13/turn              u - ring of protection from fire

@: no status effects
A: no striking features
a: no special abilities


You were on level 3 of the Dungeon.
You visited 1 branch of the dungeon, and saw 3 of its levels.

You collected 87 gold pieces.

Inventory:

Hand Weapons
 d - a +1 short sword of speed (weapon)
Armour
 a - a +0 robe (worn)
Jewellery
 h - a ring of protection from fire (left hand)
 j - an amulet of regeneration (around neck)
 m - an uncursed amulet of guardian spirit {unknown}
 r - an uncursed ring of stealth {unknown}
 u - a ring of protection from fire (right hand)
Wands
 t - a wand of polymorph (5)
Scrolls
 b - 6 scrolls of amnesia {unknown}
 c - 3 scrolls of noise {unknown}
 f - a scroll of enchant weapon {unknown}
 i - 3 scrolls of enchant armour {unknown}
 k - a scroll of teleportation {unknown}
 n - a scroll of identify {unknown}
 p - a scroll of magic mapping {unknown}
 q - 5 scrolls of remove curse {unknown}
Potions
 e - 2 potions of heal wounds {unknown}
 g - a potion of curing {unknown}
 l - a potion of haste {unknown}
 o - a potion of stabbing {unknown}
 s - a potion of invisibility {unknown}


   Skills:
 - Level 2.4 Dodging
 - Level 2.4 Stealth
 - Level 3.0 Spellcasting
 + Level 5.1 Conjurations
 + Level 6.1 Fire Magic


You had 3 spell levels left.
You knew the following spells:

 Your Spells              Type           Power        Failure   Level
a - Foxfire               Conj/Fire      ####         1%          1
b - Conjure Flame         Conj/Fire      ####....     3%          3
c - Sticky Flame          Conj/Fire      ####....     12%         4

Your spell library contained the following spells:

 Spells                   Type           Power        Failure   Level
 Inner Flame              Hex/Fire       ###.....     11%         3
 Fireball                 Conj/Fire      ####......   34%         5


Dungeon Overview and Level Annotations

Branches:
Dungeon (3/15)

Altars:


Message History

The foxfire hits the orc.
You kill the orc!
Your foxfire dissipates!
The foxfire hits the orc!
You kill the orc!
Casting: Foxfire (safe; 1% risk of failure)
Confirm with . or Enter, or press ? or * to list all spells.
You conjure some foxfire!
The orc priest mumbles some strange prayers to Beogh against you.
You struggle to resist.
The foxfire hits the orc priest.
The orc priest is almost dead.
The foxfire hits the orc but does no damage.
The orc priest casts a cantrip, but nothing happens.
Casting: Foxfire (safe; 1% risk of failure)
Confirm with . or Enter, or press ? or * to list all spells.
You conjure some foxfire!
The orc priest calls down the wrath of Beogh upon you.
Beogh smites you!
You die...

### .. ..# #.# #.# #.#
#.# ♣ #.### ##.## ♣♣♣.
#...#######...### ....
###...##..)...#....
♣..####§v......####...###
♣..oo§.@......#####.##
#...##§v.........##.#
#...####..(#####.##.#
#)... #...# ##.# #....
<...)# ..# .....####..#
### ....### #..# #....
#... $..## #


You could see an orc priest and an orc (resistant).

Vanquished Creatures
  Sigmund (D:2)
  A howler monkey (D:3)
  Natasha (thrice) (D:2)
  2 adders (D:2)
  An ooze (D:2)
  A worm (D:3)
  A dart slug (D:2)
  A leopard gecko (D:1)
  3 orcs (D:3)
  12 hobgoblins
  A jackal (D:1)
  11 kobolds
  2 quokkas (D:2)
  2 ball pythons (D:2)
  6 bats
  A frilled lizard (D:1)
  14 goblins
  7 rats
70 creatures vanquished.

Vanquished Creatures (others)
  191 foxfires
191 creatures vanquished.

Grand Total: 261 creatures vanquished

Notes
Turn   | Place    | Note
-------+----------+-------------------------------------------
     0 | D:1      | DasBelly the Deep Elf Fire Elementalist began the quest for
                  | the Orb.
     0 | D:1      | Reached XP level 1. HP: 10/10 MP: 6/6
   187 | D:1      | Reached XP level 2. HP: 15/15 MP: 6/8
   663 | D:1      | Reached skill level 4 in Fire Magic
   955 | D:2      | Noticed Sigmund
   973 | D:2      | Killed Sigmund
   973 | D:2      | Reached skill level 5 in Fire Magic
   973 | D:2      | Reached XP level 3. HP: 19/19 MP: 2/9
   973 | D:2      | Reached XP level 4. HP: 24/24 MP: 2/10
   973 | D:2      | Reached XP level 5. HP: 28/28 MP: 2/11
  1351 | D:2      | Noticed Natasha
  1357 | D:2      | Killed Natasha
  1362 | D:2      | Learned a level 3 spell: Conjure Flame
  1367 | D:2      | Learned a level 4 spell: Sticky Flame
  1445 | D:2      | Noticed Natasha
  1450 | D:2      | Killed Natasha
  1450 | D:2      | Reached XP level 6. HP: 32/32 MP: 8/12
  1484 | D:2      | Noticed Natasha
  1488 | D:2      | Killed Natasha
  1871 | D:3      | Reached skill level 5 in Conjurations
  1871 | D:3      | Reached skill level 6 in Fire Magic
  2017 | D:3      | Killed from afar by an orc priest

Illustrated notes

Levels and vault maps discovered:
D:1:      psy_arrival_heroes, layout_loops_ring, serial_rivers,
          chequers_serial_rivers_large_b, chequers_serial_rivers_micro_a,
          chequers_serial_rivers_micro_e, chequers_serial_rivers_micro_a,
          chequers_serial_rivers_micro_c, minmay_pentomino_p4
D:2:      layout_rooms, minmay_goblin_kobold_house, uniq_natasha, uniq_sigmund
D:3:      layout_loops_ring, fedhas_altar_4

Skill      XL: |  1  2  3  4  5  6 |
---------------+-------------------+-----
Conjurations   | 4 5 |  5.1
Fire Magic     | 5 6 |  6.1
Dodging        | |  2.4
Stealth        | |  2.4
Spellcasting   | |  3.0

Action                   |  1- 3 |  4- 6 || total
-------------------------+-------+-------++-------
Melee: Unarmed           |     1 |       ||     1
 Cast: Foxfire           |    41 |    77 ||   118
Armor: Robe              |     1 |     1 ||     2
Dodge: Dodged            |     2 |    12 ||    14

Table legend: (Time is in decaauts)
 A = Elapsed time spent in this place.
 B = Non-inter-level travel time spent in this place.
 C = Inter-level travel time spent in this place.
 D = Time resting spent in this place.
 E = Time spent auto-exploring this place.
 F = Levels seen in this place.
 G = Mean time per level.
                   A        B        C        D        E       F      G
               +--------+--------+--------+--------+--------+-----+--------+
         Total |   2069 |   2033 |     36 |      0 |   1569 |   3 |  689.7 |
       Dungeon |   2069 |   2033 |     36 |      0 |   1569 |   3 |  689.7 |
               +--------+--------+--------+--------+--------+-----+--------+

Top non-repeatable levels by time:
     D:1: 970 daAuts
     D:2: 927 daAuts
     D:3: 171 daAuts
